 Dungeon Crawl Stone Soup version 0.31-a0-193-gdfe2569204 (webtiles) character file.

Game seed: 1508671974920540856

41 qw the Shooter (level 3, -1/20 HPs)
             Began as a Deep Elf Hunter on June 23, 2023.
             Slain by Sigmund
             ... wielding a +0 scythe
              (8 damage)
             ... on level 2 of the Dungeon.
             The game lasted 00:00:26 (1179 turns).

qw the Shooter (Deep Elf Hunter)                    Turns: 1179, Time: 00:00:26

Health: -1/20      AC:  5    Str: 10    XL:     3   Next: 32%
Magic:  5/5        EV: 11    Int: 13    God:
Gold:   89         SH:  0    Dex: 18    Spells: 2/2 levels left

rFire   . . .        Y - +1 shortbow
rCold   . . .        (shield currently unavailable)
rNeg    . . .        m - +0 ring mail
rPois   .            (no helmet)
rElec   .            (no cloak)
rCorr   +            (no gloves)
SInv    .            (no boots)
Will    .....        (no amulet)
Stlth   +            f - ring of resist corrosion
HPRegen 0.23/turn    (no ring)
MPRegen 0.09/turn

%: no passive effects
@: no status effects
A: no striking features
a: no special abilities


You were on level 2 of the Dungeon.
You visited 1 branch of the dungeon, and saw 2 of its levels.

You collected 89 gold pieces.


   Skills:
 - Level 1.5 Fighting
 + Level 6.9 Ranged Weapons
 - Level 2.4 Dodging
 - Level 1.2 Stealth


You had 2 spell levels left.
You didn't know any spells.
Your spell library was empty.

Inventory:

Hand Weapons
 Y - a +1 shortbow (weapon)
Armour
 a - a +0 helmet
 m - a +0 ring mail (worn)
Jewellery
 f - a ring of resist corrosion (left hand)
Scrolls
 e - a scroll of identify
 g - 2 scrolls of teleportation
Potions
 h - a potion of haste
 j - a potion of invisibility {unknown}
 l - a potion of resistance {unknown}

Dungeon Overview and Level Annotations

Branches:
Dungeon (2/15)

Altars:

Annotations:
D:2 Natasha, Sigmund


Message History

Enter note: An adder skeleton comes into view.
Enter note:
Enter note: You shoot an arrow.
The arrow hits the adder skeleton.
The adder skeleton is moderately damaged.
You shoot an arrow.
The arrow closely misses the adder skeleton.
You hear a shout!
You shoot an arrow. The arrow hits the adder skeleton!
You destroy the adder skeleton!
You hear an angry hiss.
An adder zombie, Natasha and Sigmund come into view.
Natasha hisses angrily.
Sigmund shouts!
Enter note:
Enter note:
1173 ||| Stepping ~*~*~tactically~*~*~ (outnumbered).
You shoot an arrow. The arrow hits Sigmund.
Sigmund is lightly wounded.
Sigmund mumbles some strange words.
Sigmund flickers and vanishes!
Deactivating autopickup; reactivate with Ctrl-A.
You shoot an arrow. The arrow hits the adder zombie!
The adder zombie is heavily damaged.
A magic dart appears from out of thin air!
The magic dart hits you.
You shoot an arrow.
The arrow hits Natasha but does no damage.
Something hits you but does no damage. Natasha claws you but does no damage.
You shoot an arrow. The arrow closely misses Natasha.
Natasha casts a spell at you. The magic dart hits you.
A ball python zombie comes into view.
Something hits you!
You shoot an arrow. The arrow closely misses Natasha.
Natasha barely misses you.
A jackal skeleton comes into view.
You shoot an arrow. The arrow barely misses Natasha.
Something hits you!
You die...

7##..# . #... ..
7##..# 7777...
7..... 77.......
7##.##
#7.Z.Z...7777 #.#.
#.{Z..h7 7..####..#
#.h7 77##..#......
#.@# ##.##..)......
##.###...#.##..[.#.
#..........##.#%##.
#..##.......#.#.# .
#..##.......#.#.# .
#...........#.#.# .
#####....<.......
#............
#.......#.#


You could see Natasha, an adder zombie and a jackal skeleton.

Vanquished Creatures
  An adder skeleton (D:2)
  A worm (D:2)
  3 dart slugs (D:1)
  2 bats (D:1)
  4 endoplasms (D:1)
  A giant cockroach (D:1)
  4 goblins
  3 hobgoblins (D:1)
  2 ball pythons (D:1)
  A frilled lizard (D:1)
  3 kobolds
  3 rats
28 creatures vanquished.

Notes
Turn   | Place    | Note
-------+----------+-------------------------------------------
     0 | D:1      | qw the Deep Elf Hunter began the quest for the Orb.
     0 | D:1      | Reached XP level 1. HP: 12/12 MP: 3/3
     0 | D:1      | 0 ||| qw: Version: 0.3-a-9-g12657ce
     0 | D:1      | 0 ||| qw: Game counter: 4624
     0 | D:1      | 0 ||| qw: Always use a shield: true
     0 | D:1      | 0 ||| qw: God list: Okawaru
     0 | D:1      | 0 ||| qw: Allow faded altars: false
     0 | D:1      | 0 ||| qw: Do Orc after D:15 true
     0 | D:1      | 0 ||| qw: Do second Lair branch before Depths: true
     0 | D:1      | 0 ||| qw: Lair rune preference: random
     0 | D:1      | 0 ||| qw: Plans: Normal
     0 | D:1      | 0 ||| PLANNING D:1-11
   202 | D:1      | Reached XP level 2. HP: 16/16 MP: 4/4
   203 | D:1      | Reached skill level 6 in Ranged Weapons
   506 | D:1      | 506 ||| FLEEEEING.
   550 | D:1      | Reached XP level 3. HP: 20/20 MP: 5/5
   841 | D:1      | 841 ||| UPGRADING to +0 ring mail.
   851 | D:1      | 851 ||| DROPPING +0 leather armour.
   852 | D:1      | 852 ||| UPGRADING to ring of resist corrosion.
   853 | D:1      | 853 ||| READING scroll labelled HAREME JIEGI.
   854 | D:1      | 854 ||| READING 3 scrolls labelled PUAPHE XAIFREU.
   855 | D:1      | 855 ||| READING 2 scrolls labelled QUGITE DATICEMUGAU.
   858 | D:1      | 858 ||| READING scroll labelled IWOITS SEDERGHE.
   959 | D:1      | 959 ||| READING scroll labelled QIHEYKK YPNO.
   960 | D:1      | 960 ||| READING scroll labelled XUNYEF QYENAI.
   961 | D:1      | 961 ||| READING 2 scrolls of identify.
   961 | D:1      | 961 ||| IDENTIFYING fizzy pink potion
   962 | D:1      | 962 ||| DROPPING scroll of butterflies.
   964 | D:1      | 964 ||| Stepping ~*~*~tactically~*~*~ (cloud).
   970 | D:1      | HP: 5/20 [poisoned by you (poison gas)]
  1172 | D:2      | Noticed Natasha
  1172 | D:2      | Noticed Sigmund
  1173 | D:2      | 1173 ||| Stepping ~*~*~tactically~*~*~ (outnumbered).
  1179 | D:2      | Slain by Sigmund

Levels and vault maps discovered:
D:1:      psy_arrival_radial01, layout_basic, minmay_tromino_i2
D:2:      layout_loops_ring, basic_altar, grunt_ministairs_10,
          kennysheep_path_1, dilly_guarded_unrand_morg, uniq_robin, uniq_sigmund

Skill      XL: |  1  2 |
---------------+-------+-----
Ranged Weapons | 6 |  6.9
Fighting       | |  1.5
Dodging        | |  2.4
Stealth        | |  1.2

Action                     || total
---------------------------++-------
   Fire: Shortbow          ||    68
    Use: Scroll            ||     7
 Armour: Leather armour    ||     2
         Ring mail         ||     2
  Dodge: Dodged            ||     6

Table legend:
 A = Non-vault XP
 B = Vault XP
 C = Vault XP percentage of total XP
 D = Non-vault monster count
 E = Vault monster count
 F = Vault count percentage of total count
                 A         B        C        D         E       F
            +---------+---------+-------+---------+---------+-------
      Total |      48 |      11 |  18.6 |      25 |       3 |  10.7
            +---------+---------+-------+---------+---------+-------
        D:1 |      39 |       6 |  13.3 |      21 |       2 |   8.7
        D:2 |       9 |       5 |  35.7 |       4 |       1 |  20.0
            +---------+---------+-------+---------+---------+-------
